 Dungeon Crawl Stone Soup version 0.31-a0-354-g827e0957a7 (webtiles) character file.

Game seed: 18263692159086888509

604 HallandMoats the Lightning Rod (level 7, -1/87 HPs)
             Began as a Demonspawn Fighter on July 23, 2023.
             Was a Follower of Qazlal.
             Slain by Blork the orc
             ... wielding a +1 short sword of venom
              (3 damage)
             ... on level 5 of the Dungeon.
             The game lasted 00:06:23 (2908 turns).

HallandMoats the Lightning Rod (Demonspawn Fighter) Turns: 2908, Time: 00:06:23

Health: -1/87      AC: 23    Str: 17    XL:     7   Next: 18%
Magic:  0/12       EV:  2    Int: 11    God:    Qazlal [*.....]
Gold:   201        SH:  7    Dex: 12    Spells: 6/6 levels left

rFire   . . .        b - +2 whip (venom)
rCold   . . .        c - +1 buckler
rNeg    . . .        u - melded +0 scale mail
rPois   +            (helmet currently unavailable)
rElec   .            f - melded +0 cloak
rCorr   .            (gloves currently unavailable)
SInv    +            (boots currently unavailable)
Will    +....        (no amulet)
Stlth   +            m - ring of see invisible
HPRegen 0.34/turn    n - ring of willpower
MPRegen 0.26/turn

%: guardian spirit
@: brilliant, lethally poisoned (-1 -> -10), tree-form, invisible
A: stationary, stasis, torment immunity, boosted hp, (horns 2), magic shield,
magic regeneration
a: Renounce Religion


You were on level 5 of the Dungeon.
You worshipped Qazlal.
Qazlal was aware of your devotion.
You were a tree.
You visited 2 branches of the dungeon, and saw 6 of its levels.

You collected 201 gold pieces.

Inventory:

Hand Weapons
 a - a +0 war axe
 b - a +2 whip of venom (weapon)
Armour
 c - a +1 buckler (worn)
 f - a +0 cloak (melded)
 u - a +0 scale mail (melded)
Jewellery
 m - a ring of see invisible (left branch)
 n - a ring of willpower (right branch)
 r - a ring of ice
Wands
 o - a wand of flame (29)
Scrolls
 p - a scroll of revelation
 q - a scroll of teleportation
Potions
 e - a potion of lignification
 k - a potion of brilliance
 s - 2 potions of enlightenment


   Skills:
 + Level 6.2 Fighting
 - Level 1.7 Axes
 - Level 2.6 Armour
 - Level 2.6 Shields
 + Level 7.0 Invocations


You had 6 spell levels left.
You didn't know any spells.
Your spell library contained the following spells:

 Spells                   Type           Power      Damage    Failure   Level
 Apportation              Tloc           0%         N/A       41%         1
 Necrotise                Necr           0%         1d4       41%         1
 Summon Small Mammal      Summ           0%         N/A       41%         1
 Static Discharge         Conj/Air       0%         2-2/arc   56%         2
 Airstrike                Air            0%         2d(0-16)  99%         4
 Summon Lightning Spire   Summ/Air       0%         N/A       99%         4
 Summon Forest            Summ/Tloc      0%         N/A       100%        5
 Eringya's Noxious Bog    Tmut/Pois      0%         4d6       100%        6
 Summon Hydra             Summ           0%         N/A       100%        7


Dungeon Overview and Level Annotations

Branches:
Dungeon (5/15)             Temple (1/1) D:4

Altars:
Ashenzari
Dithmenos
Fedhas
Gozag
Hepliaklqana
Kikubaaqudgha
Makhleb
Nemelex Xobeh
Okawaru
Qazlal
Ru
Trog
Uskayaw
Vehumet
Wu Jian
Xom
Yredelemnul

Annotations:
D:5 Blork the orc


Innate Abilities, Weirdness & Mutations

You are a tree.
Your roots penetrate the ground, keeping you stationary.
You cannot be teleported.
You are immune to unholy pain and torment.
Your maximum health is greatly increased.
Your equipment is partially melded.
((You have a pair of horns on your head.))
When hurt, damage is shared between your health and your magic reserves.
You regenerate magic rapidly.


Message History

The puff of frost hits you but does no damage.
The gnoll hits you from afar with a +0 halberd.
Blork the orc hits you but does no damage.
You hit Blork the orc.
Blork the orc is heavily wounded.
You feel very sick.
Blork the orc hits you with a +1 short sword of venom.
* * * LOW HITPOINT WARNING * * *
You are more poisoned.
The gnoll hits you from afar with a +0 halberd.
* * * LOW HITPOINT WARNING * * *
Okay, then.
You hit Blork the orc.
Blork the orc looks as sick as possible!
Blork the orc is heavily wounded.
* * * LOW HITPOINT WARNING * * *
You feel very sick.
Blork the orc casts a cantrip, but nothing happens.
You block the gnoll's attack.
Blork the orc hits you but does no damage.
Okay, then.
Okay, then.
You feel clever all of a sudden.
* * * LOW HITPOINT WARNING * * *
You feel very sick.
Blork the orc hits you with a +1 short sword of venom.
* * * LOW HITPOINT WARNING * * *
The gnoll hits you but does no damage.
Unknown command.
You hit Blork the orc.
Blork the orc looks as sick as possible!
Blork the orc is almost dead.
* * * LOW HITPOINT WARNING * * *
You feel very sick.
Blork the orc gestures at you while chanting.
The puff of frost hits you but does no damage.
The gnoll hits you from afar with a +0 halberd!
* * * LOW HITPOINT WARNING * * *
Blork the orc hits you with a +1 short sword of venom.
You die...

......## ***>*,*****
#.#....# #..,...,,,*
.#..[..# #.#*#.#**,*
#.#.#..###.# #.# *,*
........##.# #.# *,*
......#.##.# #.# *,*
...........###.# *,#
#.....#.#)..##g###.#
.......#......go♣..#
#.#...#.#.#.##.#####
...............#
#.#(#.#.#.#.#..#
..............##
##.###..##.#.## #,*
##.,....#
*,***##*#####
**,,,,,,,,,*


You could see Blork the orc (fast, unable to see you, extremely poisoned) and 2
gnolls.

Vanquished Creatures
  An ogre (D:4)
  A phantom (D:3)
  A scorpion (D:5)
  A jelly (D:4)
  2 hounds (D:4)
  A gnoll bouda (D:5)
  An iguana (D:4)
  4 gnolls
  12 adders
  3 worms
  2 dart slugs
  8 orcs
  9 endoplasms
  2 giant cockroaches
  6 goblins
  8 hobgoblins
  8 kobolds
  2 quokkas
  12 ball pythons
  2 bats (D:1)
  5 frilled lizards
  5 rats
96 creatures vanquished.

Notes
Turn   | Place    | Note
-------+----------+-------------------------------------------
     0 | D:1      | HallandMoats the Demonspawn Fighter began the quest for the
                  | Orb.
     0 | D:1      | Reached XP level 1. HP: 18/18 MP: 1/1
   107 | D:1      | Reached skill level 1 in Invocations
   212 | D:1      | Gained mutation: You have a pair of small horns on your
                  | head. [demonic ancestry]
   212 | D:1      | Reached XP level 2. HP: 24/24 MP: 3/3
   330 | D:1      | Reached skill level 2 in Invocations
   480 | D:1      | Gained mutation: You have a pair of horns on your head.
                  | [demonic ancestry]
   480 | D:1      | Reached XP level 3. HP: 27/29 MP: 4/4
   594 | D:2      | Reached skill level 3 in Invocations
   913 | D:2      | Reached XP level 4. HP: 37/37 MP: 6/6
  1349 | D:3      | Reached skill level 4 in Invocations
  1398 | D:3      | Noticed a phantom
  1410 | D:3      | Killed a phantom
  1411 | D:3      | Gained mutation: You regenerate magic rapidly. [demonic
                  | ancestry]
  1411 | D:3      | Reached XP level 5. HP: 38/43 MP: 8/8
  1460 | D:3      | Found a faded altar of an unknown god.
  1591 | D:3      | Reached skill level 5 in Fighting
  1591 | D:3      | Reached skill level 5 in Invocations
  1821 | D:4      | Noticed an ogre
  1826 | D:4      | Killed an ogre
  1827 | D:4      | Gained mutation: When hurt, damage is shared between your
                  | health and your magic reserves. [demonic ancestry]
  1827 | D:4      | Reached XP level 6. HP: 42/51 MP: 8/10
  1874 | D:4      | Found a staircase to the Ecumenical Temple.
  1894 | Temple   | Entered the Ecumenical Temple
  1933 | Temple   | Became a worshipper of Qazlal Stormbringer
  2281 | D:4      | Reached skill level 6 in Invocations
  2838 | D:5      | Entered Level 5 of the Dungeon
  2869 | D:5      | Noticed Blork the orc
  2894 | D:5      | Reached XP level 7. HP: 30/58 MP: 6/11
  2898 | D:5      | Reached * piety under Qazlal
  2899 | D:5      | Reached skill level 7 in Invocations
  2908 | D:5      | HP: 2/87 [gnoll/+0 halberd[a gnoll bouda] (4)]
  2908 | D:5      | Slain by Blork the orc

Illustrated notes

Levels and vault maps discovered:
D:1:      minmay_arrival_pointy, layout_basic
D:2:      layout_basic, grunt_decor_cap
D:3:      layout_rooms, hellmonk_ecumenical_altar_heavens_door
D:4:      layout_loops_ring, minmay_temple_entry_mini_moons, nicolae_half_adder
D:5:      layout_loops_corners, serial_shops, kennysheep_mini,
          hangedman_decor_riveting, uniq_blork_the_orc
Temple:   nicolae_temple_slightly_damp_pantheon

Skill      XL: |  1  2  3  4  5  6  7 |
---------------+----------------------+-----
Invocations    | 1 2 3 4 5 6 7 |  7.0
Fighting       | 4 5 6 |  6.2
Axes           | |  1.7
Armour         | |  2.6
Shields        | |  2.6

Action                     |  1- 3 |  4- 6 |  7- 9 || total
---------------------------+-------+-------+-------++-------
  Melee: War axe           |    99 |    99 |       ||   198
         Headbutt          |    16 |    28 |       ||    44
         Whip              |       |    73 |    11 ||    84
    Use: Potion            |       |     2 |     3 ||     5
         Scroll            |       |    10 |       ||    10
 Armour: Scale mail        |    64 |    76 |       ||   140
         Skin              |       |    11 |    16 ||    27
  Dodge: Dodged            |    39 |    88 |     4 ||   131
  Block: Buckler           |    21 |    44 |     1 ||    66

Table legend: (Time is in decaauts)
 A = Elapsed time spent in this place.
 B = Non-inter-level travel time spent in this place.
 C = Inter-level travel time spent in this place.
 D = Time resting spent in this place.
 E = Time spent auto-exploring this place.
 F = Levels seen in this place.
 G = Mean time per level.
                   A        B        C        D        E       F      G
               +--------+--------+--------+--------+--------+-----+--------+
         Total |   3008 |   2917 |     91 |    287 |   1702 |   6 |  501.3 |
       Dungeon |   2947 |   2874 |     73 |    287 |   1682 |   5 |  589.4 |
        Temple |     60 |     42 |     18 |      0 |     20 |   1 |   60.0 |
               +--------+--------+--------+--------+--------+-----+--------+

Top non-repeatable levels by time:
     D:4: 975 daAuts
     D:2: 793 daAuts
     D:3: 563 daAuts
     D:1: 543 daAuts
     D:5: 71 daAuts
  Temple: 60 daAuts
